AoeStats
← nanakusa

Nomad

507261868Analyzed
4v4 RM · 16d ago on Sep 17, 2026· 30m 16s· 8 players
Game mode
Random Map
Map size
231×231
Population
200
Speed
Normal
Resources
Standard
Victory
Conquest
Starting age
Dark Age
Ending age
Imperial Age
RankedLock teamsTeams togetherTeam positionsShared explorationLock speedFull tech treeHidden civsTurbo modeCheats
Victory
Defeat
🇨🇳 Bulgarians · China
1816
+7
🇨🇳 Portuguese · China
1608
+14
🇯🇵 Shu · Japan
1497
+19
🇨🇳 Inca · China
1445
+20
🇹🇼 Malay · Taiwan
1633
-18
🇨🇳 Armenians · China
1562
-15
🇦🇷 Sicilians · Argentina
1535
-14
🇯🇵 Tupi · Japan
1526
-13
nanakusa
14:10 Feudal Age
15:41 Wheelbarrow
14:54 Double-Bit Axe
18:38 Castle Age
17:28 Gold Mining
18:50 Loom
19:29 Medium Warships
25:09 Fletching
25:59 Horse Collar
江哥
5:24 Loom
15:02 Feudal Age
17:49 Fletching
20:30 Padded Archer Armor
Chim cu đi tắm
12:50 Feudal Age
16:50 Castle Age
14:54 Double-Bit Axe
16:38 Forging
16:58 Loom
17:40 Scale Barding Armor
18:31 Bow Saw
18:02 Horse Collar
22:39 Heavy Plow
25:18 Wheelbarrow
25:58 Bloodlines
25:49 Husbandry
27:15 Chain Barding Armor
28:35 Iron Casting
鼠條
5:04 Loom
14:30 Feudal Age
17:49 Castle Age
16:08 Horse Collar
16:49 Double-Bit Axe
17:58 Town Watch
20:51 Gold Mining
22:14 Wheelbarrow
28:13 Imperial Age
27:03 Redemption
27:21 Sanctity
27:44 Gold Shaft Mining
28:37 Chemistry
爱犹sama
9:39 Loom
12:10 Feudal Age
15:34 Forging
15:19 Double-Bit Axe
15:20 Town Watch
16:22 Horse Collar
18:39 Fishing Lines
21:27 Wheelbarrow
21:59 Gold Mining
24:29 Castle Age
25:20 Medium Warships
25:31 Bow Saw
25:15 Gillnets
26:52 Careening
31:28 Imperial Age
29:31 Hand Cart
第98次心痛
13:40 Feudal Age
11:57 Loom
13:42 Feudal Age
17:50 Castle Age
16:18 Fletching
17:27 Padded Archer Armor
17:24 Double-Bit Axe
18:28 Bodkin Arrow
18:06 Crossbowman
25:00 Herbal Medicine
25:41 Redemption
26:28 Sanctity
邪恶菜菜虎
4:56 Loom
13:40 Feudal Age
14:09 Town Watch
17:39 Castle Age
16:06 Double-Bit Axe
18:40 Gold Mining
19:04 Bow Saw
19:54 Fishing Lines
20:58 Gillnets
25:47 Imperial Age
23:42 Stone Mining
24:24 Gillnets
24:44 Fletching
26:51 Wheelbarrow
27:30 Chemistry
26:47 Bodkin Arrow
28:11 Wheelbarrow
ChatGPT
5:13 Loom
14:00 Feudal Age
14:52 Town Watch
18:55 Castle Age
17:12 Double-Bit Axe
19:00 Scale Barding Armor
27:31 Medium Warships
29:46 Bow Saw
30:30 Horse Collar
Connection lost

Rejoining the realm…

Still unreachable

The connection could not be restored.

Session expired

The server has moved on; the page needs a fresh start.